 Dungeon Crawl Stone Soup version 0.24.0-123-gd5b16e6ec5 (webtiles) character file.

Game seed: 13654351063947512387, levelgen mode: deterministic

2487 Frank2 the Cudgeler (level 9, -3/68 HPs)
             Began as a Demonspawn Fighter on Feb 13, 2020.
             Was an Initiate of Kikubaaqudgha.
             Slain by a killer bee (5 damage)
             ... on level 6 of the Dungeon.
             The game lasted 00:14:37 (8479 turns).

Frank2 the Cudgeler (Demonspawn Fighter)            Turns: 8479, Time: 00:14:38

Health: -3/68      AC: 11    Str: 16    XL:     9   Next: 27%
Magic:  9/9        EV: 10    Int: 10    God:    Kikubaaqudgha [......]
Gold:   234        SH: 12    Dex: 16    Spells: 8/8 levels left

rFire    . . .     SeeInvis .   a - +2 flail
rCold    . . .     Gourm    .   c - +2 shield
rNeg     . . .     Faith    .   b - +0 scale mail
rPois    .         Spirit   .   (helmet restricted)
rElec    .         Reflect  .   k - +0 cloak
rCorr    .         Harm     .   l - +1 pair of gloves
MR       .....                  (no boots)
Stlth    ..........             (no amulet)
HPRegen  0.21/turn              (no ring)
MPRegen  0.11/turn              (no ring)

@: lethally poisoned (-3 -> -6), flying (expiring)
A: antennae 1, powered by death 2, rot immunity
a: Renounce Religion


You were on level 6 of the Dungeon.
You worshipped Kikubaaqudgha.
Kikubaaqudgha was noncommittal.
You were not hungry.

You visited 2 branches of the dungeon, and saw 8 of its levels.

You collected 234 gold pieces.

Inventory:

Hand Weapons
 a - a +2 flail (weapon)
Armour
 b - a +0 scale mail (worn)
 c - a +2 shield (worn)
 k - a +0 cloak (worn)
 l - a +1 pair of gloves (worn)
Scrolls
 d - 2 scrolls of remove curse
 g - a scroll of identify
Comestibles
 f - 5 rations
 i - 3 chunks of flesh


   Skills:
 + Level 5.1 Fighting
 + Level 7.1 Maces & Flails
 + Level 5.7 Armour
 + Level 3.6 Dodging
 + Level 5.9 Shields


You had 8 spell levels left.
You didn't know any spells.
Your spell library was empty.

Dungeon Overview and Level Annotations

Branches:
Dungeon (7/15)             Temple (1/1) D:6

Altars:
Ashenzari
Cheibriados
Elyvilon
Fedhas
Gozag
Hepliaklqana
Kikubaaqudgha
Makhleb
Nemelex Xobeh
Okawaru
Qazlal
Ru
Sif Muna
Trog
Uskayaw
Vehumet
Wu Jian
Xom
Yredelemnul
The Shining One

Annotations:
D:6 2 transporters, Xerdoz's ghost, amateur DsGl


Innate Abilities, Weirdness & Mutations

You have a pair of small antennae on your head.
You regenerate health from kills.
You are immune to rotting.


Message History

The killer bee barely misses you.
You barely miss the killer bee. The killer bee completely misses you.
The killer bee stings you.
* * * LOW HITPOINT WARNING * * *
You are poisoned.
The killer bee poisons you!
The killer bee stings you but does no damage.
The killer bee stings you.
* * * LOW HITPOINT WARNING * * *
You completely miss the killer bee.
You feel sick. You block the killer bee's attack. x2
The killer bee stings you but does no damage.
The killer bee completely misses you.
You miss the killer bee.
You feel sick.
The killer bee stings you but does no damage.
The killer bee barely misses you. The killer bee stings you.
* * * LOW HITPOINT WARNING * * *
You block the killer bee's attack. The killer bee stings you.
You die...
Kikubaaqudgha rasps: "You have failed me!
Welcome... death!"

#.# ### ##.## #.# #.#####.#
#.# #.....#.# ####### #.#
#.###.#.#
.....[####.###.#.#.#.#
.................#.#.######
......####.###.#.#.#.....<#
####'###.....#.#y#.########
..............yy@#.#
####.###.###.#.###.#
รท.##.........#.#...#
#.######.#####.#.### #..#
#.##....#.# ##.#
#.##.####.#
##.#####..#.#..#.#
............##...##########
.........#...............)#


You could see 3 killer bees.

Vanquished Creatures
  A hornet (D:5)
  Grinder (D:6)
  2 hippogriffs
  The ghost of Elellon the Magician, an amateur DECj (D:4)
  A phantom (D:5)
  A sky beast (D:5)
  A necrophage (D:7)
  An ogre (D:5)
  A centaur (D:5)
  A bullfrog (D:7)
  A wyvern zombie (D:7)
  A scorpion (D:4)
  A killer bee (D:7)
  A howler monkey (D:4)
  5 wights (D:7)
  A crimson imp (D:5)
  A quasit (D:5)
  2 bullfrog skeletons (D:4)
  A hound (D:5)
  3 orc wizards
  Crazy Yiuf (D:2)
  2 orc priests (D:7)
  2 worker ants
  A killer bee zombie (D:7)
  3 mummies
  A howler monkey zombie (D:5)
  2 worker ant zombies
  11 adders
  A shadow imp (D:5)
  An ooze (D:3)
  2 adder skeletons
  A dart slug (D:1)
  6 leopard geckos
  13 orcs
  A ball python (D:2)
  5 giant cockroaches
  7 goblins
  13 hobgoblins
  7 kobolds
  7 bats
  4 frilled lizards
  A jackal zombie (D:7)
  4 kobold zombies (D:6)
  A leopard gecko zombie (D:5)
  7 rats
132 creatures vanquished.

Notes
Turn   | Place    | Note
-------+----------+-------------------------------------------
     0 | D:1      | Frank2 the Demonspawn Fighter began the quest for the Orb.
     0 | D:1      | Reached XP level 1. HP: 18/18 MP: 1/1
   358 | D:1      | Gained mutation: You are immune to rotting. [demonic
                  | ancestry]
   358 | D:1      | Reached XP level 2. HP: 21/24 MP: 2/2
   559 | D:1      | Reached skill level 2 in Maces & Flails
   927 | D:2      | Reached XP level 3. HP: 23/29 MP: 3/3
  1663 | D:2      | Found a runed translucent door.
  1664 | D:2      | Noticed Crazy Yiuf
  1925 | D:2      | Gained mutation: You regenerate a little health from kills.
                  | [demonic ancestry]
  1925 | D:2      | Reached XP level 4. HP: 25/35 MP: 4/4
  2209 | D:2      | Killed Crazy Yiuf
  2499 | D:3      | Reached skill level 3 in Maces & Flails
  2597 | D:3      | Reached XP level 5. HP: 39/41 MP: 5/5
  3243 | D:3      | Found a glowing golden altar of the Shining One.
  3433 | D:4      | Reached skill level 1 in Dodging
  3532 | D:4      | Gained mutation: You have a pair of small antennae on your
                  | head. [demonic ancestry]
  3532 | D:4      | Reached XP level 6. HP: 33/48 MP: 6/6
  3607 | D:4      | Found a runed translucent door.
  3611 | D:4      | Noticed Elellon's ghost (amateur DECj)
  3886 | D:4      | Reached skill level 4 in Maces & Flails
  4372 | D:4      | Killed Elellon's ghost
  4372 | D:4      | Reached XP level 7. HP: 35/53 MP: 7/7
  4504 | D:5      | Entered Level 5 of the Dungeon
  4527 | D:5      | Found an ornate altar of the Wu Jian Council.
  4531 | D:5      | Found a blossoming altar of Fedhas.
  4537 | D:5      | Found a radiant altar of Vehumet.
  4783 | D:5      | Reached skill level 5 in Maces & Flails
  5071 | D:5      | Found a hazy altar of Hepliaklqana.
  5207 | D:5      | Noticed a hornet
  5213 | D:5      | Paralysed by a hornet for 3 turns
  5562 | D:5      | Gained mutation: You regenerate health from kills. [demonic
                  | ancestry]
  5562 | D:5      | Reached XP level 8. HP: 12/60 MP: 8/8
  5859 | D:5      | Killed a hornet
  5862 | D:5      | HP: 4/91 [poisoned by a hornet]
  6221 | D:6      | Found a transporter.
  6222 | D:6      | Noticed Xerdoz's ghost (amateur DsGl)
  6273 | D:6      | Found a shattered altar of Ashenzari.
  6410 | D:6      | Found a hide-covered altar of Uskayaw.
  6414 | D:6      | Noticed a +0 dagger
  6414 | D:6      | Noticed a +4 hand axe
  6486 | D:6      | Found an iron altar of Okawaru.
  6486 | D:6      | Noticed a hippogriff
  6511 | D:6      | HP: 2/61 [orc warrior/+0 trident (15)]
  6513 | D:6      | Killed a hippogriff
  6513 | D:6      | Reached skill level 6 in Maces & Flails
  6513 | D:6      | Reached skill level 5 in Shields
  6764 | D:6      | Found a sparkling altar of Nemelex Xobeh.
  6961 | D:6      | Found a white marble altar of Elyvilon.
  7010 | D:6      | Noticed Grinder
  7030 | D:6      | Killed Grinder
  7030 | D:6      | Reached skill level 5 in Armour
  7039 | D:6      | Found a staircase to the Ecumenical Temple.
  7127 | D:6      | Found a transporter.
  7247 | Temple   | Entered the Ecumenical Temple
  7640 | Temple   | Became a worshipper of Kikubaaqudgha
  8039 | D:7      | Reached XP level 9. HP: 38/67 MP: 9/9
  8070 | D:7      | Reached skill level 5 in Fighting
  8319 | D:7      | Reached skill level 7 in Maces & Flails
  8479 | D:6      | HP: 2/68 [killer bee (2)]
  8479 | D:6      | Slain by a killer bee

Levels and vault maps discovered:
D:1:      dpeg_arrival_simpleton_a, layout_loops_ring
D:2:      layout_loops_corners, uniq_crazy_yiuf_cottage
D:3:      layout_loops_ring, nicolae_overflow_hidden_temple, first_ration
D:4:      layout_basic, gammafunk_ghost_grave, st_stairs_6
D:5:      layout_loops_ring, marbit_many_paths, minmay_overflow_temple_star_quad
D:6:      layout_basic, dancing_weapons_uskayaw, elyvilon_altar_4,
          nemelex_xobeh_ov_fountains_minmay, okawaru_ov_weapons_minmay,
          ashenzari_conservatory_becter, minmay_temple_entry_fiery,
          gammafunk_ghost_mausoleum, minmay_mini_ossuary, uniq_grinder
D:7:      layout_loops_ring, zin_treasury, serial_shops, shop, serial_undead,
          serial_undead_c, serial_undead_d, serial_undead_d, serial_undead_d
Temple:   dpeg_chambers_temple

Skill      XL: |  1  2  3  4  5  6  7  8  9 |
---------------+----------------------------+-----
Maces & Flails | 2 3 4 5 6 7 |  7.1
Armour         | 3 4 5 |  5.7
Shields        | 3 4 5 |  5.9
Dodging        | 1 2 3 |  3.6
Fighting       | 4 5 |  5.1

Action                   |  1- 3 |  4- 6 |  7- 9 || total
-------------------------+-------+-------+-------++-------
Melee: Flail             |   180 |   199 |   349 ||   728
  Use: Scroll            |     5 |     5 |     5 ||    15
       Potion            |       |     5 |    12 ||    17
  Eat: Chunk             |     4 |     6 |     5 ||    15
       Ration            |       |       |     3 ||     3
Armor: Scale mail        |    82 |    77 |   163 ||   322
       Skin              |       |     7 |    10 ||    17
Dodge: Dodged            |    45 |    50 |   135 ||   230
Block: Shield            |    91 |   115 |   282 ||   488
